 Dungeon Crawl Stone Soup version 0.21.1-1-g345015fe64 (webtiles) character file.

800 Hercules1031 the Cudgeler (level 7, 0/91 HPs)
             Began as a Minotaur Berserker on June 3, 2018.
             Was a Believer of Trog.
             Succumbed to a killer bee's poison
             ... on level 4 of the Dungeon.
             The game lasted 00:39:46 (3045 turns).

Hercules1031 the Cudgeler (Minotaur Berserker)      Turns: 3045, Time: 00:39:46

Health: 0/91       AC: 23    Str: 24    XL:     7   Next: 59%
Magic:  1/6        EV:  2    Int:  4    God:    Trog [**....]
Gold:   146        SH: 15    Dex:  9    Spells: 6/6 levels left

rFire    . . .     SeeInvis .   i - +1 whip (freeze)
rCold    . . .     Gourm    .   k - +0 large shield
rNeg     + + +     Faith    .   (armour currently unavailable)
rPois    +         Spirit   +   (helmet currently unavailable)
rElec    .         Reflect  .   (cloak currently unavailable)
rCorr    .         Harm     .   (gloves currently unavailable)
MR       .....     NoTele   +   (boots currently unavailable)
Stlth    +.........             y - amulet of guardian spirit
HPRegen  0.25/turn              (no ring)
MPRegen  0.10/turn              (no ring)

@: lethally poisoned (0 -> -9), tree-form
A: (retaliatory headbutt)
a: Berserk, Trog's Hand, Burn Spellbooks, Renounce Religion


You were on level 4 of the Dungeon.
You worshipped Trog.
Trog was pleased with you.
You were not hungry.
You were a tree.
You visited 1 branch of the dungeon, and saw 4 of its levels.

You collected 146 gold pieces.

Inventory:

Hand Weapons
 a - a +0 mace
 d - a +0 dagger
 f - a +0 hand axe
 g - a +2 flail of protection
 i - a +1 whip of freezing (weapon)
 j - a +0 whip
 u - a +0 trident
Missiles
 l - 39 arrows
 n - 44 bolts
Armour
 b - a +0 animal skin
 k - a +0 large shield (worn)
 o - a +0 chain mail
 p - a +1 robe of cold resistance
 r - a +0 robe
 x - a cursed +0 leather armour
 D - a +0 chain mail (melded)
Jewellery
 y - an amulet of guardian spirit (around neck)
Scrolls
 e - 3 scrolls of remove curse
 q - a scroll of magic mapping
 s - 2 scrolls of enchant armour {unknown}
 t - a scroll of fear {unknown}
 v - 3 scrolls of identify
 A - a scroll of random uselessness {unknown}
 B - a scroll of immolation {unknown}
 C - a scroll of noise {unknown}
Potions
 h - a potion of degeneration
 m - a potion of flight
Comestibles
 c - 2 rations


   Skills:
 + Level 5.4 Fighting
 - Level 2.1 Short Blades
 * Level 6.2 Maces & Flails
 + Level 4.1 Armour
 - Level 2.5 Dodging
 - Level 0.1 Stealth
 * Level 6.1 Shields


You had 6 spell levels left.
You didn't know any spells.

Dungeon Overview and Level Annotations

Branches:
Dungeon (4/15)
 Temple: D:4-7

Altars:
Ashenzari
Dithmenos
Qazlal
Sif Muna
Wu Jian
Zin

Shops:
D:2 *

Annotations:
D:4 whodunnit's ghost, amateur GrBe


Innate Abilities, Weirdness & Mutations

((You reflexively headbutt those who attack you in melee.))
((You have a pair of horns on your head.))


Message History

You feel sick.
The killer bee stings you but does no damage.
You block the killer bee's attack. x3
You hit the killer bee. You freeze the killer bee.
The killer bee is almost dead.
The killer bee stings you.
* * * LOW HITPOINT WARNING * * *
You are more poisoned.
The killer bee poisons you! You block the killer bee's attack.
You miss the killer bee.
The killer bee is almost dead.
* * * LOW HITPOINT WARNING * * *
You feel sick. You block the killer bee's attack. The killer bee stings you.
The killer bee stings you but does no damage. x2
Okay, then.
Okay, then.
As you read the scroll labeled QAFYAZUXZA, it crumbles to dust.
You feel aware of your surroundings.
You sensed 1 altar.
It was a scroll of magic mapping.
You die...

###** *...* ***********
***,#.#########..,,,,,,,*
#.,,#...#♣y.....#******,*
#.#####..y####### *,*
#...#...### *,* #.#....##
********* #.#....#
*,,,,,,,, #.#..#.#
*,,*,,,*, #.#.##.#
********_,,,,,,,
##......#
*,,,,,**,,*,,,*,
#>......##
*,,,,,**,,,,,,,,


You could see 2 killer bees.

Vanquished Creatures
  Pikel (D:4)
  Edmund (D:4)
  A killer bee (D:4)
  A centaur skeleton (D:4)
  Jessica (D:2)
  An orc wizard (D:4)
  5 adders
  A worm (D:2)
  2 orcs
  A ball python (D:3)
  2 bats
  4 giant cockroaches
  3 hobgoblins
  10 kobolds
  A quokka (D:2)
  4 frilled lizards
  3 goblins
  4 rats
46 creatures vanquished.

Vanquished Creatures (others)
  An orc wizard (D:4)
1 creature vanquished.

Grand Total: 47 creatures vanquished

Notes
Turn   | Place    | Note
-------+----------+-------------------------------------------
     0 | D:1      | Hercules1031 the Minotaur Berserker began the quest for the Orb.
     0 | D:1      | Reached XP level 1. HP: 19/19 MP: 0/0
   149 | D:2      | Reached XP level 2. HP: 24/27 MP: 1/1
   896 | D:2      | Reached XP level 3. HP: 30/33 MP: 2/2
   952 | D:2      | Found a shattered altar of Ashenzari.
  1062 | D:2      | Noticed Jessica
  1075 | D:2      | Killed Jessica
  1099 | D:2      | Reached skill level 1 in Shields
  1099 | D:2      | Reached XP level 4. HP: 41/41 MP: 3/3
  1126 | D:2      | Found a stormy altar of Qazlal.
  1127 | D:2      | Noticed a fire elemental
  1190 | D:2      | Noticed an earth elemental
  1200 | D:2      | Noticed an air elemental
  1200 | D:2      | Noticed a water elemental
  1219 | D:2      | Reached skill level 5 in Maces & Flails
  1276 | D:2      | Found Zin's Purification Station.
  1276 | D:2      | Found a glowing silver altar of Zin.
  1366 | D:2      | Reached ** piety under Trog
  1535 | D:3      | Found an ornate altar of the Wu Jian Council.
  1538 | D:3      | Found a deep blue altar of Sif Muna.
  1984 | D:4      | Found a shadowy altar of Dithmenos.
  1986 | D:4      | Noticed a slave
  1987 | D:4      | Noticed Pikel
  1988 | D:4      | Noticed a slave
  1998 | D:4      | Noticed a slave
  2000 | D:4      | Noticed a slave
  2011 | D:4      | HP: 2/41 [Pikel/whip of freezing (10)]
  2409 | D:4      | Noticed whodunnit's ghost (amateur GrBe)
  2721 | D:4      | Noticed Edmund
  2747 | D:4      | Killed Edmund
  2747 | D:4      | Reached XP level 5. HP: 23/47 MP: 2/4
  2891 | D:4      | Killed Pikel
  2891 | D:4      | Reached skill level 5 in Fighting
  2891 | D:4      | Reached skill level 5 in Shields
  2891 | D:4      | Reached XP level 6. HP: 56/56 MP: 5/5
  2891 | D:4      | Reached XP level 7. HP: 61/61 MP: 6/6
  3041 | D:4      | HP: 4/91 [poisoned by a killer bee]
  3044 | D:4      | HP: 1/91 [poisoned by a killer bee]
  3045 | D:4      | Succumbed to a killer bee's poison

Skill      XL: |  1  2  3  4  5  6  7 |
---------------+----------------------+-----
Fighting       | 4 5 |  5.4
Maces & Flails | 4 5 6 |  6.2
Shields        | 1 2 5 6 |  6.1
Short Blades   | 2 |  2.1
Armour         | 3 4 |  4.1
Dodging        | |  2.5
Stealth        | |  0.1

Action                   |  1- 3 |  4- 6 |  7- 9 || total
-------------------------+-------+-------+-------++-------
Melee: Mace              |    11 |       |       ||    11
       Headbutt          |     9 |    18 |     1 ||    28
       Whip              |    24 |    17 |    22 ||    63
       Short sword       |       |    49 |       ||    49
       Flail             |       |    29 |       ||    29
Throw: Stone             |     1 |       |       ||     1
Invok: Trog's Hand       |       |     1 |       ||     1
  Use: Scroll            |       |     8 |     1 ||     9
       Potion            |       |     6 |     2 ||     8
  Eat: Ration            |     1 |     2 |       ||     3
Armor: Animal skin       |     3 |       |       ||     3
       Chain mail        |       |    43 |    14 ||    57
       Robe              |       |     9 |       ||     9
       Skin              |       |       |     7 ||     7
Dodge: Dodged            |    25 |    31 |     8 ||    64
Block: Large shield      |       |    78 |    37 ||   115
